 Dungeon Crawl Stone Soup version 0.20.1-1-g8b1a95d66d (webtiles) character file.

893 Peloso the Slasher (level 8, -2/54 HPs)
             Began as a Halfling Fighter on Nov 29, 2017.
             Was a Follower of Okawaru.
             Killed from afar by Sigmund (7 damage)
             ... with a puff of flame
             ... on level 5 of the Dungeon.
             The game lasted 00:10:32 (3839 turns).

Peloso the Slasher (Halfling Fighter)               Turns: 3839, Time: 00:10:33

Health: -2/54      AC: 10    Str: 23    XL:     8   Next: 27%
Magic:  0/8        EV: 14    Int:  6    God:    Okawaru [*.....]
Gold:   189        SH: 11    Dex: 19    Spells: 7/7 levels left

rFire    . . .     SeeInvis .   a - +0 long sword
rCold    . . .     Gourm    .   c - +0 shield
rNeg     . . .     Faith    .   b - +0 chain mail
rPois    +         Spirit   +   j - +1 hat
rElec    .         Reflect  .   (no cloak)
rCorr    .         Harm     .   (no gloves)
MR       .....                  (no boots)
Stlth    ..........             w - amulet of guardian spirit
Regen    0.2/turn               k - ring of poison resistance
MPRegen  0.2/turn               u - +4 ring of strength

@: agile
A: mutation resistance 1
a: Heroism, Renounce Religion


You were on level 5 of the Dungeon.
You worshipped Okawaru.
Okawaru was aware of your devotion.
You were very hungry.

You visited 1 branch of the dungeon, and saw 5 of its levels.

You collected 189 gold pieces.

Inventory:

Hand Weapons
 a - a +0 long sword (weapon)
Armour
 b - a +0 chain mail (worn)
 c - a +0 shield (worn)
 j - a +1 hat (worn)
Jewellery
 k - a ring of poison resistance (left hand)
 u - a +4 ring of strength (right hand)
 w - an amulet of guardian spirit (around neck)
Wands
 s - a wand of random effects (13/48)
 y - a wand of scattershot (3/9)
Scrolls
 e - 4 scrolls of identify {unknown}
 h - 3 scrolls of recharging {unknown}
 l - a scroll of teleportation {unknown}
 o - a scroll of enchant weapon {unknown}
 r - 2 scrolls of amnesia {unknown}
 v - a scroll of noise {unknown}
 x - a scroll of remove curse {unknown}
 z - a scroll of fear {unknown}
Potions
 g - 2 potions of curing
 m - a potion of invisibility {unknown}
 n - 2 potions of mutation {unknown}
 t - a potion of flight {unknown}
 B - a potion of magic {unknown}
Comestibles
 f - 2 bread rations
 p - 4 fruits
 q - 3 meat rations
 A - 2 royal jellies


   Skills:
 + Level 3.7 Fighting
 + Level 6.2 Long Blades
 + Level 5.2 Armour
 + Level 1.6 Dodging
 + Level 0.2 Stealth
 + Level 5.6 Shields


You had 7 spell levels left.
You didn't know any spells.

Dungeon Overview and Level Annotations

Branches:
Dungeon (5/15)
 Temple: D:4-7

Altars:
Cheibriados
Kikubaaqudgha
Okawaru
Yredelemnul

Shops:
D:4 %   D:5 [[(=

Annotations:
D:3 Meaglor's ghost, amateur DsNe
D:5 Sigmund


Innate Abilities, Weirdness & Mutations

You are small and have problems with some larger weapons.
You are somewhat resistant to further mutation.


Message History

You hit Edmund but do no damage.
Edmund is almost dead.
Sigmund hits you from afar with a scythe.
* * * LOW HITPOINT WARNING * * *
Edmund misses you.
You riposte.
You hit Edmund.
Edmund is almost dead.
Unknown command.
You closely miss Edmund.
Edmund is almost dead.
You block Sigmund's attack.
Unknown command.
You hit Edmund.
You kill Edmund!
Okawaru accepts your kill.
The centaur shoots an arrow.
The arrow hits you but does no damage.
The centaur shoots an arrow.
The arrow hits you.
* * * LOW HITPOINT WARNING * * *
Sigmund points at you and mumbles some strange words.
The puff of flame hits you!
You die...

.....##.# #...#..#
#######.# #...#..#
##.#. #......#
#..#..#c..(..#
######..#......#..#
........#..##..#..#
#.##.##.# #[..#..#
.∩...##.# ##..#c@#
#.#.†##.# ##.#@##
..##.##.# ..#(#
.###.##.#####..#.#
.# #.##.....#..#.#
.# #.##..PP.####.#
.###.............#
.....#...#########
##########


You could see Sigmund and a centaur.

Vanquished Creatures
  The ghost of monokles the Skirmisher, a novice DsWn (D:5)
  Edmund (D:5)
  An ice beast (D:5)
  2 crimson imps
  A jelly (D:2)
  An orc priest (D:4)
  2 orc wizards (D:4)
  2 worker ants
  8 adders
  3 worms
  3 dart slugs
  3 leopard geckos
  3 orcs
  3 giant cockroaches
  8 goblins
  8 hobgoblins
  3 jackals (D:5)
  2 quokkas
  A ball python (D:3)
  4 bats
  2 frilled lizards
  A jackal zombie (D:5)
  15 kobolds
  8 rats
  A spectral orc (D:2)
87 creatures vanquished.

Notes
Turn   | Place    | Note
-------+----------+-------------------------------------------
     0 | D:1      | Peloso the Halfling Fighter began the quest for the Orb.
     0 | D:1      | Reached XP level 1. HP: 15/15 MP: 1/1
   271 | D:1      | Reached XP level 2. HP: 20/20 MP: 2/2
   800 | D:2      | Reached XP level 3. HP: 25/25 MP: 3/3
   924 | D:2      | Reached XP level 4. HP: 10/30 MP: 4/4
  1242 | D:2      | Reached skill level 3 in Long Blades
  1434 | D:2      | Found a basalt altar of Yredelemnul.
  1802 | D:2      | Reached XP level 5. HP: 34/36 MP: 5/5
  2123 | D:3      | Found an ancient bone altar of Kikubaaqudgha.
  2218 | D:3      | Noticed Meaglor's ghost (amateur DsNe)
  2692 | D:4      | Reached XP level 6. HP: 18/42 MP: 4/6
  2694 | D:4      | Reached skill level 1 in Dodging
  2709 | D:4      | Reached skill level 4 in Long Blades
  2825 | D:4      | Found an iron altar of Okawaru.
  2840 | D:4      | Became a worshipper of Warmaster Okawaru
  3058 | D:4      | Found a snail-covered altar of Cheibriados.
  3111 | D:4      | Found Vesum's Food Boutique.
  3375 | D:5      | Entered Level 5 of the Dungeon
  3426 | D:5      | Noticed an ice beast
  3438 | D:5      | Killed an ice beast
  3438 | D:5      | Reached XP level 7. HP: 46/46 MP: 7/7
  3487 | D:5      | Found Taluth's Antique Armour Boutique.
  3490 | D:5      | Noticed monokles's ghost (novice DsWn)
  3509 | D:5      | Killed monokles's ghost
  3509 | D:5      | Reached * piety under Okawaru
  3509 | D:5      | Reached skill level 5 in Long Blades
  3509 | D:5      | Reached skill level 5 in Shields
  3509 | D:5      | Reached XP level 8. HP: 43/52 MP: 6/8
  3542 | D:5      | Found Ludoud's Antique Armour Shop.
  3685 | D:5      | Found Yptoode's Antique Weapon Shop.
  3689 | D:5      | Reached skill level 6 in Long Blades
  3727 | D:5      | Found Linail's Jewellery Shoppe.
  3737 | D:5      | Reached skill level 5 in Armour
  3777 | D:5      | Noticed Sigmund
  3790 | D:5      | Noticed Edmund
  3838 | D:5      | Killed Edmund
  3839 | D:5      | Killed from afar by Sigmund

Skill      XL: |  1  2  3  4  5  6  7  8 |
---------------+-------------------------+-----
Shields        | 4 5 |  5.6
Long Blades    | 3 4 5 6 |  6.2
Armour         | 4 5 |  5.2
Fighting       | 3 |  3.7
Dodging        | 1 |  1.6
Stealth        | |  0.2

Action                   |  1- 3 |  4- 6 |  7- 9 || total
-------------------------+-------+-------+-------++-------
Melee: Long sword        |   107 |   224 |    94 ||   425
  Use: Potion            |       |     1 |     2 ||     3
  Eat: Chunk             |       |     8 |     1 ||     9
Armor: Scale mail        |    54 |    87 |       ||   141
       Chain mail        |       |    14 |    29 ||    43
Dodge: Dodged            |    41 |    82 |    30 ||   153
Block: Shield            |    59 |   115 |    65 ||   239
       Rpst.: Long sword |    14 |    20 |     8 ||    42
